 Dungeon Crawl Stone Soup version 0.29-a0-322-g68df515428 (webtiles) character file.

Game seed: 13799104060037634499

198 kae the Firebug (level 5, 0/30 HPs)
             Began as a Tengu Fire Elementalist on Apr 5, 2022.
             Slain by a gnoll shaman
             ... wielding a +0 club
              (6 damage)
             ... on level 3 of the Dungeon.
             The game lasted 00:02:31 (3534 turns).

kae the Firebug (Tengu Fire Elementalist)           Turns: 3534, Time: 00:02:31

Health: 0/30       AC:  4    Str:  9    XL:     5   Next: 77%
Magic:  3/9        EV: 15    Int: 17    God:
Gold:   105        SH:  0    Dex: 14    Spells: 3/9 levels left

rFire   . . .      SeeInvis .   f - +0 dagger (drain)
rCold   . . .      Faith    .   (no shield)
rNeg    . . .      Spirit   .   a - +1 robe
rPois   .          Reflect  .   (helmet restricted)
rElec   .          Harm     .   (no cloak)
rCorr   .          Rampage  .   e - +0 pair of gloves
Will    .....                   (boots unavailable)
Stlth   +.........              (no amulet)
HPRegen 0.10/turn               (no ring)
MPRegen 0.11/turn               (no ring)

@: mighty, lit by a corona, flying quickly and evasively, glowing, quick
A: beak, talons 3, nimble flight
a: no special abilities


You were on level 3 of the Dungeon.
You visited 1 branch of the dungeon, and saw 4 of its levels.

You collected 105 gold pieces.

Inventory:

Hand Weapons
 d - a +0 whip
 f - a +0 dagger of draining (weapon)
Armour
 a - a +1 robe (worn)
 e - a +0 pair of gloves (worn)
Jewellery
 n - a ring of protection from cold
 p - a ring of magical power
Scrolls
 c - a scroll of identify {unknown}
 i - 2 scrolls of teleportation {unknown}
 k - 2 scrolls of blinking {unknown}
 q - a scroll of enchant weapon {unknown}
 r - a scroll of vulnerability {unknown}
Potions
 b - a potion of magic
 j - a potion of might
 l - a potion of mutation {unknown}
 m - 2 potions of curing {unknown}
 o - a potion of attraction {unknown}


   Skills:
 + Level 1.6 Fighting
 + Level 1.8 Armour
 + Level 3.0 Dodging
 - Level 2.0 Stealth
 + Level 2.6 Spellcasting
 + Level 3.0 Conjurations
 * Level 4.6 Fire Magic


You had 3 spell levels left.
You knew the following spells:

 Your Spells              Type           Power      Damage    Failure   Level
a - Foxfire               Conj/Fire      60%        2x1d7     3%          1
b - Scorch                Fire           36%        2d7       4%          2
c - Conjure Flame         Conj/Fire      15%        6-21      11%         3

Your spell library contained the following spells:

 Spells                   Type           Power      Damage    Failure   Level
 Apportation              Tloc           4%         N/A       19%         1
 Inner Flame              Hex/Fire       10%        N/A       21%         3
 Gell's Gravitas          Tloc           2%         N/A       50%         3
 Lesser Beckoning         Tloc           2%         N/A       50%         3
 Teleport Other           Tloc           2%         N/A       50%         3
 Flame Wave               Conj/Fire      15%        2d6       36%         4
 Airstrike                Air            1%         N/A       88%         4
 Summon Lightning Spire   Summ/Air       2%         N/A       88%         4
 Lightning Bolt           Conj/Air       3%         1d15      95%         5
 Alistair's Intoxication  Tmut/Pois      1%         N/A       99%         5


Dungeon Overview and Level Annotations

Branches:
Dungeon (4/15)
 Temple: D:4-7

Altars:

Annotations:
D:3 2 runed translucent doors


Innate Abilities, Weirdness & Mutations

You have a beak for a mouth.
You have claws for feet.
Your magical nature lets you fly swiftly and evasively.


Message History

You hear a shout!
Casting: Scorch (safe; 4% risk of failure)
Confirm with . or Enter, or press ? or * to list all spells.
Flames lash the gnoll shaman.
The gnoll shaman is burned terribly!
The gnoll shaman is almost dead.
The gnoll misses you.
The gnoll shaman prays to its god.
The gnoll shaman is healed somewhat.
The gnoll barely misses you.
The gnoll hits you from afar with a +0 halberd!
The gnoll shaman barely misses you.
Casting: Scorch (safe; 4% risk of failure)
Confirm with . or Enter, or press ? or * to list all spells.
Flames lash the gnoll.
The gnoll is heavily wounded.
The gnoll's fire resistance burns away.
You hear a shout!
The gnoll closely misses you.
The gnoll shaman invokes the aid of its god against you.
You are outlined in light.
The gnoll barely misses you. The gnoll misses you.
The gnoll shaman calls upon its god to heal the gnoll.
The gnoll is healed somewhat.
You barely miss the gnoll shaman. Your kick misses the gnoll shaman.
The gnoll shaman is severely wounded.
The gnoll closely misses you. The gnoll shaman completely misses you.
You hit the gnoll shaman but do no damage.
You drain the gnoll shaman. You claw the gnoll shaman.
You peck the gnoll shaman.
The gnoll shaman is almost dead.
The gnoll hits you from afar with a +0 halberd!
The gnoll shaman misses you.
The gnoll hits you from afar with a +0 halberd.
* * * LOW HITPOINT WARNING * * *
It was a potion of might.
You feel very mighty all of a sudden.
The gnoll is no longer more vulnerable to fire.
The gnoll barely misses you.
The gnoll shaman hits you with a +0 club.
You die...

######### ......g.#
#g## ######## #@>#
#....... ##.# #.......
#.## #....... #..#
#.......
########.###########...
.......)...............
...#####............)..
#.............##
#..........(..#


You could see a gnoll shaman (combustible, very drained) and a gnoll (fast).

Vanquished Creatures
  A jelly (D:4)
  5 gnolls
  5 adders
  3 dart slugs
  5 orcs (D:3)
  5 ball pythons
  9 bats
  7 endoplasms
  5 goblins
  5 hobgoblins
  4 jackals (D:2)
  2 quokkas
  A frilled lizard (D:1)
  5 kobolds
  4 rats
66 creatures vanquished.

Vanquished Creatures (collateral kills)
  7 foxfires (D:2)
7 creatures vanquished.

Vanquished Creatures (others)
  238 foxfires
238 creatures vanquished.

Grand Total: 311 creatures vanquished

Notes
Turn   | Place    | Note
-------+----------+-------------------------------------------
     0 | D:1      | kae the Tengu Fire Elementalist began the quest for the
                  | Orb.
     0 | D:1      | Reached XP level 1. HP: 10/10 MP: 4/4
   197 | D:1      | Found a faded altar of an unknown god.
   253 | D:1      | Reached XP level 2. HP: 15/15 MP: 1/6
  1259 | D:2      | Reached XP level 3. HP: 20/20 MP: 4/7
  1262 | D:2      | Learned a level 2 spell: Scorch
  1266 | D:2      | Learned a level 3 spell: Conjure Flame
  1384 | D:2      | Reached skill level 1 in Armour
  1704 | D:2      | Reached skill level 4 in Fire Magic
  1776 | D:2      | Reached skill level 1 in Fighting
  1776 | D:2      | Reached XP level 4. HP: 25/25 MP: 5/8
  2495 | D:3      | Found a large runed translucent door.
  2502 | D:3      | Found a large runed translucent door.
  2863 | D:4      | Gained mutation: Your magical nature lets you fly swiftly
                  | and evasively. [Tengu growth]
  2863 | D:4      | Reached XP level 5. HP: 29/29 MP: 5/9
  3534 | D:3      | Slain by a gnoll shaman

Illustrated notes

Levels and vault maps discovered:
D:1:      minmay_arrival_loop, layout_basic,
          shapermc_ecumenical_altar_notcrosses, grunt_decor_one_mirror
D:2:      layout_rooms, serial_forest, infiniplex_forest_clump_large,
          infiniplex_forest_clump_diagonal, infiniplex_forest_diagonal,
          infiniplex_forest_lined_4_way, infiniplex_forest_clump_small
D:3:      layout_basic, jmf_multi_god_temple2
D:4:      layout_loops_corners, uniq_crazy_yiuf_cottage

Skill      XL: |  1  2  3  4  5 |
---------------+----------------+-----
Conjurations   | 2 3 |  3.0
Armour         | 1 |  1.8
Fire Magic     | 4 |  4.6
Fighting       | 1 |  1.6
Dodging        | 3 |  3.0
Stealth        | |  2.0
Spellcasting   | |  2.6

Action                   |  1- 3 |  4- 6 || total
-------------------------+-------+-------++-------
Melee: Dagger            |     6 |    26 ||    32
       Peck              |     2 |     3 ||     5
       Kick              |       |    12 ||    12
 Cast: Foxfire           |    76 |    65 ||   141
       Scorch            |       |     3 ||     3
  Use: Potion            |       |     3 ||     3
       Scroll            |       |     1 ||     1
Armor: Robe              |     3 |     7 ||    10
Dodge: Dodged            |    16 |    52 ||    68

Table legend: (Time is in decaauts)
 A = Elapsed time spent in this place.
 B = Non-inter-level travel time spent in this place.
 C = Inter-level travel time spent in this place.
 D = Time resting spent in this place.
 E = Time spent auto-exploring this place.
 F = Levels seen in this place.
 G = Mean time per level.
                   A        B        C        D        E       F      G
               +--------+--------+--------+--------+--------+-----+--------+
         Total |   3503 |   3392 |    111 |    272 |   2582 |   4 |  875.8 |
       Dungeon |   3503 |   3392 |    111 |    272 |   2582 |   4 |  875.8 |
               +--------+--------+--------+--------+--------+-----+--------+

Top non-repeatable levels by time:
     D:1: 1216 daAuts
     D:4: 869 daAuts
     D:2: 795 daAuts
     D:3: 623 daAuts
